 Dungeon Crawl Stone Soup version 0.22-a0-417-g1387785 (webtiles) character file.

298652 ketsa the Eclecticist (level 20, 144/144 HPs)
             Began as a High Elf Ice Elementalist on Oct 27, 2015.
             Was the Champion of Vehumet.
             Got out of the dungeon
             ... with 2 runes on May 14, 2018!
             The game lasted 13:52:25 (89487 turns).

ketsa the Eclecticist (High Elf Ice Elementalist)  Turns: 89487, Time: 13:52:26

Health: 144/144    AC: 19    Str:  7    XL:     20   Next: 13%
Magic:  52/52      EV: 19    Int: 37    God:    Vehumet [******]
Gold:   1520       SH:  8    Dex: 22    Spells: 11/55 levels left

rFire    . . .     SeeInvis +   w - +9 staff of Olgreb {rPois}
rCold    . . .     Gourm    .   e - +2 buckler
rNeg     . . .     Faith    .   L - +7 leather armour of Benevolence {+Inv Int+3}
rPois    ∞         Spirit   .   Z - +2 helmet
rElec    .         Reflect  .   l - +0 cloak "Forget-Me-Not" {Dex+5 SInv}
rCorr    .         Harm     .   U - +0 pair of gloves
MR       ++...                  z - +2 pair of boots
Stlth    +++++.....             V - amulet of Vitality {Regen+ HP+15}
HPRegen  0.74/turn              Q - +6 ring of intelligence
MPRegen  0.33/turn              D - ring of magical power

@: no status effects
A: no striking features
}: 2/15 runes: decaying, gossamer
a: Renounce Religion, Evoke Invisibility


You escaped.
You worshipped Vehumet.
Vehumet was exalted by your worship.
You were not hungry.

You visited 11 branches of the dungeon, and saw 45 of its levels.
You also visited: Volcano.

You collected 4143 gold pieces.
You spent 2623 gold pieces at shops.

Inventory:

Hand Weapons
 u - the +4 war axe "Fukhly" {chop, Int+4}
   (You found it on level 3 of the Spider Nest)

   It inflicts extra damage upon your enemies.
   It affects your intelligence (+4).
 w - the +9 staff of Olgreb (weapon) {rPois}
   (You took it off Arachne on level 3 of the Spider Nest)

   It protects you from poison.
Armour
 e - a +2 buckler (worn)
 l - the +0 cloak "Forget-Me-Not" (worn) {Dex+5 SInv}
   (You found it on level 4 of the Swamp)

   It affects your dexterity (+5).
   It lets you see invisible.
 z - a +2 pair of boots (worn)
 F - a +1 leather armour of fire resistance
 L - the +7 leather armour of Benevolence (worn) {+Inv Int+3}
   (You found it on level 12 of the Dungeon)

   It affects your intelligence (+3).
   It lets you turn invisible.
 N - a +0 troll leather armour
 O - a +1 cloak of invisibility
 S - +2 acid dragon scales
 U - a +0 pair of gloves (worn)
 Z - a +2 helmet (worn)
Jewellery
 m - a +0 amulet of reflection
 D - a ring of magical power (right hand)
 I - an uncursed ring of protection from magic
 J - an uncursed ring of ice
 P - an uncursed ring of stealth
 Q - a +6 ring of intelligence (left hand)
 V - the amulet of Vitality (around neck) {Regen+ HP+15}
   (You bought it in a shop on level 2 of the Elven Halls)

   [amulet of regeneration]

   It affects your health (+15).
   It increases your rate of regeneration.
Scrolls
 a - 10 scrolls of teleportation
 b - a scroll of acquirement
 h - 8 scrolls of identify
 n - 5 scrolls of remove curse
 o - 3 scrolls of magic mapping
 p - a scroll of enchant armour
 K - 3 scrolls of fog
 T - 2 scrolls of summoning
 W - 2 scrolls of fear
Potions
 d - 2 potions of brilliance
 f - 8 potions of lignification
 g - 4 potions of invisibility
 k - 5 potions of agility
 q - 4 potions of haste
 r - 7 potions of heal wounds
 s - 17 potions of curing
 H - a potion of magic
 M - 5 potions of cancellation
 R - 3 potions of ambrosia
 X - a potion of flight
Miscellaneous
 v - a lightning rod (4/4)
 G - a crystal ball of energy
 Y - a removed stone of tremors
Comestibles
 c - 24 rations
 j - 10 rations


   Skills:
 - Level 9.0 Fighting
   Level 6.0 Short Blades
 - Level 5.0 Armour
 + Level 8.9 Dodging
 - Level 10.0 Stealth
 - Level 4.4 Shields
 - Level 18.1 Spellcasting
 + Level 17.1 Conjurations
 + Level 6.9 Hexes
 - Level 8.0 Charms
 - Level 4.0 Summonings
 - Level 7.6 Translocations
 - Level 3.0 Fire Magic
 + Level 15.9 Ice Magic
 - Level 10.0 Air Magic
 + Level 10.1 Evocations


You had 11 spell levels left.
You knew the following spells:

 Your Spells              Type           Power        Failure   Level  Hunger
a - Freeze                Ice            ####         0%          1    None
b - Throw Frost           Conj/Ice       ######       0%          2    None
c - Ozocubu's Armour      Chrm/Ice       #######.     1%          3    None
d - Throw Icicle          Conj/Ice       ########     0%          4    None
e - Conjure Flame         Conj/Fire      #######.     1%          3    None
f - Dazzling Spray        Conj/Hex       ######       1%          3    None
g - Iskenderun's Battles  Conj/Chrm      #######.     1%          5    None
h - Freezing Cloud        Conj/Ice/Air   #######...   1%          6    None
i - Bolt of Cold          Conj/Ice       ########..   1%          6    None
j - Orb of Destruction    Conj           ########..   1%          7    ##.....
k - Apportation           Tloc           ######       1%          1    None
l - Summon Small Mammal   Summ           ####         1%          1    None
m - Repel Missiles        Chrm/Air       ######       1%          2    None

Your spell library contained the following spells:

 Spells                   Type           Power        Failure   Level  Hunger
 Magic Dart               Conj           ####         0%          1    None
 Fireball                 Conj/Fire      #######...   1%          5    None
 Lightning Bolt           Conj/Air       #######...   1%          5    None
 Invisibility             Hex            ######..     12%         6    None
 Throw Flame              Conj/Fire      ######       1%          2    None
 Iskenderun's Mystic Bla  Conj           ########     0%          4    None
 Animate Dead             Necr           N/A          13%         4    None
 Pain                     Necr           ####         1%          1    None
 Animate Skeleton         Necr           N/A          1%          1    None
 Vampiric Draining        Necr           ####......   4%          3    None
 Sticky Flame             Conj/Fire      #######.     1%          4    None
 Regeneration             Chrm/Necr      ######....   1%          3    None
 Shock                    Conj/Air       ####         0%          1    None
 Swiftness                Chrm/Air       #######.     1%          2    None
 Recall                   Summ/Tloc      N/A          1%          3    None
 Statue Form              Tmut/Erth      ####.....    90%         6    None
 Death Channel            Necr           ####......   90%         6    None
 Airstrike                Air            #######...   1%          4    None
 Shadow Creatures         Summ           N/A          36%         6    None
 Flame Tongue             Conj/Fire      #####        0%          1    None
 Passwall                 Tmut/Erth      ####......   1%          2    None
 Sticks to Snakes         Tmut           ####....     1%          2    None
 Ensorcelled Hibernation  Hex/Ice        ######       1%          2    None
 Silence                  Hex/Air        #######...   1%          5    None
 Static Discharge         Conj/Air       #######.     0%          3    None
 Lee's Rapid Deconstruct  Erth           ####......   11%         5    None
 Simulacrum               Ice/Necr       #######...   8%          6    None
 Passage of Golubria      Tloc           N/A          1%          4    None
 Darkness                 Hex            ######....   12%         6    None
 Inner Flame              Hex/Fire       ######..     1%          3    None
 Beastly Appendage        Tmut           ####..       1%          1    None
 Fulminant Prism          Conj/Hex       #######...   1%          4    None
 Force Lance              Conj/Tloc      #######.     1%          4    None
 Searing Ray              Conj           ######       0%          2    None
 Hydra Form               Tmut           ####......   90%         6    None
 Borgnjor's Vile Clutch   Necr/Erth      ####......   36%         5    None


Dungeon Overview and Level Annotations

Branches:
Dungeon (15/15)            Temple (1/1) D:7            Lair (8/8) D:10
  Swamp (4/4) Lair:6       Spider (4/4) Lair:6        Slime (1/6) Lair:7
    Orc (4/4) D:9             Elf (3/3) Orc:4        Vaults (2/5) D:13
  Crypt (2/3) Vaults:2     Depths (1/5) D:15

Altars:
Ashenzari
Cheibriados
Dithmenos
Elyvilon
Fedhas
Gozag
Kikubaaqudgha
Makhleb
Nemelex Xobeh
Okawaru
Qazlal
Ru
Sif Muna
Trog
Vehumet
Xom
Yredelemnul
Zin
The Shining One

Shops:
D:8 ?   D:15 [   Orc:1 *}   Orc:2 }   Orc:4 %![!   Elf:1 [!:(   Elf:2 =

Annotations:
D:4 exclusion: downstairs
Lair:7 exclusion: downstairs
Swamp:1 exclusion: downstairs
Spider:3 exclusion: downstairs
Orc:2 exclusion: downstairs
Elf:2 5 runed doors, exclusion: door
Elf:3 Norris
Vaults:2 Sojobo


Message History

Level annotation: exclusion: downstairs
There is a stone staircase leading down here.
You see here a dagger.
There is a stone staircase leading up here.
You climb upwards.
There is a stone staircase leading down here.
Things that are here:
a robe; a dagger
There is a stone staircase leading up, spattered with blood here.
You climb upwards.
There is a stone staircase leading down here.
There is a stone staircase leading up here.
You climb upwards.
There is a stone staircase leading down here.
All of the chunks of flesh in your inventory have rotted away.
There is an open door here.
There is an open door here.
There is a staircase leading out of the dungeon here.
Are you sure you want to leave the Dungeon?
This will make you lose the game!
You have escaped!

######.......#.....#.# #...#####
# #...............# #...#
##########.........# #...#
#.......##...^.....# #...#
#.......##.#.....#.####...#####
#.......##.#................... #
#.........#.................... #
#.......##.#######.............
###.......####..@..######...#####
..........# #.....# #...# ##
###.####### #.....# #...# ##.
#.############'############ #.# #
#.#≈≈≈≈≈≈≈≈≈≈≈.≈≈≈≈≈≈≈≈≈≈≈###.# #
#.#≈PP♣♣P♣♣P♣≈.≈♣PPP♣.P.♣≈#[#.# #
#.#≈P♣♣♣♣♣♣.♣≈.≈♣P♣♣PPP.P≈#..#. #
#.#≈≈≈≈≈≈≈≈≈≈≈.≈≈≈≈≈≈≈≈≈≈≈#.#.#
###.#≈≈≈≈≈≈≈≈≈.....≈≈≈≈≈≈≈≈≈####.


There were no monsters in sight!

Vanquished Creatures
  the Lernaean hydra (Swamp:4)
  A caustic shrike (Depths:1)
  Nikola (Swamp:3)
  Arachne (Spider:3)
  Jorgrun (Vaults:2)
  A sphinx (Vaults:1)
  Gastronok (Lair:2)
  Kirke (Swamp:2)
  Roxanne (Spider:4)
  A tengu reaver (Vaults:2)
  A thorn hunter (Swamp:4)
  The ghost of Uberwunderbarhen the Eclecticist, an adept OpWz of Vehumet (Swamp:4)
  A removed MONS_WIGLAF (Spider:4)
  Donald (Swamp:2)
  A removed MONS_MAUD (D:14)
  6 vault wardens (Vaults:1)
  2 ghost moths
  6 emperor scorpions
  Aizul (Swamp:3)
  The ghost of Alipheese the Brawler, a journeyman NaFi of Okawaru (Lair:8)
  2 ghouls
  3 very ugly things
  6 ironheart preservers (Vaults:1)
  A stone giant (Depths:1)
  Azrael (D:15)
  A vampire knight (Crypt:1)
  A deep elf annihilator (Elf:3)
  3 vault guards (Vaults:1)
  2 jiangshi (Depths:1)
  A deep elf high priest (Elf:1)
  4 yaktaur captains
  2 fire dragons (Vaults:1)
  Fannar (Lair:2)
  An ice dragon (Vaults:1)
  30 hydras
  5 ghost crabs
  4 ogre magi
  A catoblepas (Lair:5)
  6 dancing weapons
  6 centaur warriors
  A satyr (shapeshifter) (Vaults:1)
  6 death yaks
  A queen ant (Lair:2)
  12 alligators
  Urug (Lair:1)
  An orc high priest (Elf:3)
  4 tengu warriors
  5 spriggans
  Sonja (Lair:2)
  An iron troll (D:13)
  4 skeletal warriors (D:15)
  A fire crab (Vaults:1)
  5 deep trolls
  10 deep elf knights
  3 unseen horrors
  3 spriggan druids
  10 removed MONS_DEEP_ELF_SUMMONERs
  11 orc knights
  A removed MONS_ANUBIS_GUARD (shapeshifter) (Elf:1)
  3 phantasmal warriors
  12 swamp dragons (Swamp:4)
  A shambling mangrove (Swamp:4)
  17 orb spiders
  A wolf spider zombie (D:14)
  4 ironbrand convokers
  10 removed MONS_HILL_GIANTs
  8 removed MONS_DEEP_ELF_CONJURERs
  3 removed MONS_GRIFFONs
  A lindwurm (D:13)
  5 wizards
  9 hornets
  6 cyclopes
  12 ugly things
  A manticore (D:13)
  22 wolf spiders
  2 orc sorcerers
  5 moths of wrath
  Joseph (D:7)
  20 elephants
  34 spiny frogs
  5 vault sentinels (Vaults:1)
  5 black mambas
  A torpor snail (Lair:6)
  3 gargoyles
  18 yaktaurs
  7 rime drakes
  9 komodo dragons
  3 efreet
  7 demonic crawlers
  25 jumping spiders
  2 freezing wraiths
  A tengu conjurer (D:15)
  8 removed MONS_DEEP_ELF_PRIESTs
  A queen bee (Lair:2)
  9 two-headed ogres
  2 polar bears
  14 trolls
  A blink frog (shapeshifter) (D:13)
  Grinder (D:6)
  15 tyrant leeches
  A wolf spider simulacrum (D:14)
  A hornet zombie (D:15)
  25 blink frogs
  15 bog bodies
  A removed MONS_BOULDER_BEETLE (shapeshifter) (Elf:3)
  29 slime creatures
  20 redbacks
  9 removed MONS_BOULDER_BEETLEs
  A flying skull (Vaults:2)
  21 removed MONS_TRAPDOOR_SPIDERs
  61 yaks
  A water elemental (D:12)
  5 wraiths
  9 shadows
  10 tarantellas
  A tarantella (shapeshifter) (Elf:3)
  5 wyverns
  A wyvern (shapeshifter) (Vaults:1)
  43 vampire mosquitoes
  A golden eye (shapeshifter) (Vaults:1)
  10 basilisks
  4 acid dragons
  18 deep elf magi
  19 removed MONS_DEEP_ELF_FIGHTERs
  9 wolves
  6 wargs
  Menkaure (D:7)
  A hungry ghost (D:11)
  16 insubstantial wisps
  24 swamp worms
  16 porcupines
  15 soldier ants
  17 hippogriffs
  Duvessa (D:7)
  10 swamp drakes
  5 hell hounds
  38 orc warriors
  3 black bears
  5 large abominations (D:13)
  3 necrophages
  8 sky beasts
  18 spiders
  26 water moccasins
  6 ice beasts
  2 phantoms
  4 eyes of draining
  15 centaurs
  11 removed MONS_WASPs
  An eye of draining (shapeshifter) (D:15)
  29 ogres
  A rime drake zombie (Crypt:1)
  13 crocodiles
  A removed MONS_BRAIN_WORM (D:11)
  4 big kobolds
  7 small abominations (D:13)
  Dowan (D:7)
  A wyvern zombie (D:11)
  52 bullfrogs
  24 wights
  A water moccasin skeleton (D:9)
  9 scorpions
  6 electric eels
  43 killer bees
  3 vampire bats (D:4)
  3 bullfrog zombies
  11 hounds
  2 centaur zombies
  5 jellies
  36 orc wizards
  5 crimson imps
  7 centaur skeletons
  2 gnoll shamans
  A bullfrog skeleton (D:4)
  32 orc priests
  16 iguanas
  50 worker ants
  A hell rat (Lair:6)
  A killer bee zombie (D:8)
  34 removed MONS_SHEEPs
  2 hound zombies
  4 hound skeletons
  12 gnolls
  14 adders
  42 river rats
  6 shadow imps
  6 oozes
  An adder zombie (D:9)
  2 adder skeletons
  5 worms
  6 leopard geckos
  236 orcs
  A ball python (D:4)
  5 bats
  A bat skeleton (D:4)
  4 bat zombies (D:4)
  8 giant cockroaches
  10 goblins
  9 hobgoblins
  13 jackals
  9 kobolds
  8 quokkas
  5 frilled lizards
  A quokka skeleton (D:8)
  A quokka zombie (D:6)
  15 rats
  2 fungi (Lair:8)
  4 plants (Lair:8)
1912 creatures vanquished.

Vanquished Creatures (others)
  5 humans
  A swamp worm (Swamp:3)
  A wight (D:9)
  45 fungi
  66 plants
118 creatures vanquished.

Grand Total: 2030 creatures vanquished

Notes
Turn   | Place    | Note
-------+----------+-------------------------------------------
     0 | D:1      | ketsa the High Elf Ice Elementalist began the quest for the Orb.
     0 | D:1      | Reached XP level 1. HP: 11/11 MP: 4/4
   545 | D:1      | Reached XP level 2. HP: 6/17 MP: 3/6
   549 | D:1      | Learned a level 2 spell: Throw Frost
  1855 | D:2      | Reached XP level 3. HP: 21/21 MP: 0/8
  2225 | D:2      | Reached XP level 4. HP: 27/27 MP: 9/9
  3578 | D:3      | Found a shadowy altar of Dithmenos.
  4170 | D:4      | Reached XP level 5. HP: 31/31 MP: 5/11
  4309 | D:4      | Found a stormy altar of Qazlal.
  4310 | D:4      | Found an opulent altar of Gozag.
  4821 | D:4      | Found a sacrificial altar of Ru.
  4987 | D:4      | Reached XP level 6. HP: 12/36 MP: 8/12
  5478 | D:3      | Found a faded altar to an unknown god.
  5629 | D:3      | Reached skill level 1 in Short Blades
  5873 | D:2      | Learned a level 3 spell: Ozocubu's Armour
  6039 | D:4      | Noticed a big kobold
  6084 | D:4      | Killed a big kobold
  6134 | D:4      | Found a burning altar of Makhleb.
  6333 | D:4      | Noticed an ogre
  6368 | D:4      | Killed an ogre
  6368 | D:4      | Reached skill level 1 in Charms
  6368 | D:4      | Reached XP level 7. HP: 41/41 MP: 7/14
  6508 | D:5      | Entered Level 5 of the Dungeon
  7165 | D:4      | Found an ancient bone altar of Kikubaaqudgha.
  7183 | D:4      | Reached skill level 5 in Ice Magic
  8387 | D:5      | Got a twisted spear
  8417 | D:6      | Reached XP level 8. HP: 19/47 MP: 11/15
  8974 | D:6      | Reached skill level 1 in Fighting
  8974 | D:6      | Reached skill level 5 in Conjurations
  9063 | D:5      | Learned a level 4 spell: Throw Icicle
 10456 | D:6      | Reached skill level 5 in Charms
 10610 | D:7      | Noticed Joseph
 10611 | D:7      | Noticed Duvessa
 10616 | D:7      | Noticed Menkaure
 11310 | D:6      | Noticed Grinder
 11370 | D:7      | Found a deep blue altar of Sif Muna.
 11370 | D:7      | Found a shattered altar of Ashenzari.
 11370 | D:7      | Found a glowing silver altar of Zin.
 11370 | D:7      | Found a radiant altar of Vehumet.
 11402 | D:7      | Became a worshipper of Vehumet
 11482 | D:7      | Reached XP level 9. HP: 44/55 MP: 0/16
 11604 | D:7      | Found a staircase to the Ecumenical Temple.
 11613 | Temple   | Entered the Ecumenical Temple
 11841 | D:7      | Killed Menkaure
 12140 | D:7      | Noticed Dowan
 12182 | D:6      | Paralysed by Grinder for 3 turns
 12342 | D:6      | Paralysed by Grinder for 5 turns
 12348 | D:6      | Paralysed by Grinder for 7 turns
 12972 | D:6      | Killed Grinder
 13316 | D:7      | Killed Duvessa
 13915 | D:7      | Reached * piety under Vehumet
 13915 | D:7      | Offered knowledge of Sandblast by Vehumet.
 14002 | D:7      | Killed Dowan
 14306 | D:7      | Reached skill level 5 in Fighting
 15521 | D:8      | Upgraded the game from 0.17-a0-2215-g49c1de0 to 0.17-a0-2220-g6fea741
 15584 | D:9      | Reached XP level 10. HP: 63/66 MP: 8/17
 15899 | D:8      | Reached ** piety under Vehumet
 15899 | D:8      | Offered knowledge of Searing Ray by Vehumet.
 16115 | D:8      | Found a basalt altar of Yredelemnul.
 16145 | D:8      | Found Likeibem's Magic Scroll Emporium.
 16151 | D:8      | Bought a scroll of teleportation for 42 gold pieces
 16570 | D:8      | Reached skill level 1 in Evocations
 17276 | D:9      | Offered knowledge of Throw Flame by Vehumet.
 17351 | D:9      | Reached skill level 5 in Short Blades
 17362 | D:9      | Reached skill level 5 in Spellcasting
 17595 | D:9      | Noticed a three-headed hydra
 17607 | D:9      | Killed a three-headed hydra
 17643 | D:9      | Reached *** piety under Vehumet
 18224 | D:9      | Offered knowledge of Conjure Flame by Vehumet.
 18376 | D:9      | Identified the +2 spear of Severance {flame, Str+7} (You found it on level 5 of the Dungeon)
 18710 | D:9      | Found a staircase to the Orcish Mines.
 18840 | D:9      | Learned a level 3 spell: Conjure Flame
 18850 | D:9      | Upgraded the game from 0.17-a0-2220-g6fea741 to 0.18-a0-1-gfac8111
 18877 | D:9      | Reached XP level 11. HP: 72/72 MP: 2/21
 19041 | D:9      | Reached **** piety under Vehumet
 19523 | D:10     | Entered Level 10 of the Dungeon
 19690 | D:10     | Offered knowledge of Dazzling Spray by Vehumet.
 19766 | D:10     | Learned a level 3 spell: Dazzling Spray
 19788 | D:10     | Noticed a hill giant
 19789 | D:10     | Noticed a hill giant
 20280 | D:9      | Reached skill level 1 in Fire Magic
 20581 | D:10     | Found a staircase to the Lair.
 20844 | D:10     | Killed a hill giant
 20844 | D:10     | Reached skill level 1 in Hexes
 21609 | Lair:1   | Entered Level 1 of the Lair of Beasts
 22476 | Lair:1   | Noticed a five-headed hydra
 22482 | Lair:1   | Killed a five-headed hydra
 22727 | Lair:1   | Noticed Urug
 23692 | D:11     | Reached ***** piety under Vehumet
 23753 | D:11     | Offered knowledge of Spellforged Servitor by Vehumet.
 23785 | D:11     | Reached skill level 5 in Evocations
 24059 | Lair:1   | Killed Urug
 24059 | Lair:1   | Reached skill level 10 in Conjurations
 24762 | Lair:2   | Noticed Fannar
 24764 | Lair:2   | Upgraded the game from 0.18-a0-1-gfac8111 to 0.18-a0-5-gf1fb587
 24937 | Lair:1   | Reached XP level 12. HP: 39/79 MP: 8/25
 25270 | Lair:2   | Noticed Gastronok
 26294 | Lair:3   | Found a bloodstained altar of Trog.
 26501 | Lair:3   | Gained mutation: You are surrounded by a mild repulsion field. (EV +2) [potion of beneficial mutation]
 26901 | Lair:4   | Noticed an eight-headed hydra
 26905 | Lair:4   | Killed an eight-headed hydra
 28447 | Lair:4   | Reached skill level 10 in Ice Magic
 29040 | Lair:4   | Reached skill level 10 in Spellcasting
 29225 | Lair:5   | Found a dark tunnel.
 29247 | Volcano  | Entered a volcano
 29255 | Volcano  | Noticed miniluv's ghost (journeyman MiBe)
 29783 | Lair:5   | Noticed a seven-headed hydra
 29788 | Lair:5   | Killed a seven-headed hydra
 29899 | Lair:5   | Reached XP level 13. HP: 83/83 MP: 28/28
 31558 | Lair:6   | Reached ****** piety under Vehumet
 31558 | Lair:6   | Offered knowledge of Poisonous Cloud by Vehumet.
 31560 | Lair:6   | Found a hole to the Spider Nest.
 32796 | Lair:6   | Got a smoking scimitar
 32797 | Lair:6   | Identified the +8 scimitar of Iseqeih {drain, *Corrode MR+ Str+2 Stlth+} (You found it on level 6 of the Lair of Beasts)
 33165 | Lair:6   | Found a staircase to the Swamp.
 33173 | Swamp:1  | Entered Level 1 of the Swamp
 33701 | Lair:6   | Offered knowledge of Iskenderun's Battlesphere by Vehumet.
 33708 | Lair:6   | Learned a level 5 spell: Iskenderun's Battlesphere
 34093 | Lair:2   | Killed Gastronok
 34231 | Lair:2   | Noticed a seven-headed hydra
 34453 | Lair:2   | Found a bloodstained altar of Trog.
 34458 | Lair:2   | Reached skill level 12 in Spellcasting
 34587 | Lair:2   | Reached XP level 14. HP: 92/92 MP: 30/31
 34803 | Lair:2   | Noticed Sonja
 34807 | Lair:2   | Killed Sonja
 35328 | Lair:2   | Noticed a queen ant
 35337 | Lair:2   | Killed a queen ant
 35507 | Lair:2   | Offered knowledge of Irradiate by Vehumet.
 35696 | Lair:2   | Killed a seven-headed hydra
 36143 | D:10     | Killed a hill giant
 36229 | D:7      | Killed Joseph
 36417 | Orc:1    | Entered Level 1 of the Orcish Mines
 36674 | Orc:1    | Found Mozaruf's Gadget Boutique.
 36690 | Orc:1    | Found Voynog's General Store.
 36997 | Orc:2    | Found Veraom's Gadget Shoppe.
 37073 | Orc:1    | Offered knowledge of Bolt of Fire by Vehumet.
 38926 | Orc:2    | Offered knowledge of Freezing Cloud by Vehumet.
 38934 | Orc:2    | Learned a level 6 spell: Freezing Cloud
 39311 | Orc:3    | Reached skill level 1 in Air Magic
 39368 | Orc:4    | Entered Level 4 of the Orcish Mines
 41111 | Orc:4    | Offered knowledge of Bolt of Cold by Vehumet.
 41414 | Orc:4    | Learned a level 6 spell: Bolt of Cold
 41448 | Orc:4    | Found a shimmering altar of Xom.
 41675 | Orc:4    | Reached skill level 13 in Spellcasting
 41932 | Orc:4    | Reached skill level 5 in Air Magic
 42414 | Orc:4    | Found Ticusul's Food Boutique.
 42461 | Orc:4    | Found Argholue's Distillery.
 42520 | Orc:4    | Found Rekempif's Armour Shoppe.
 42525 | Orc:4    | Found Yptupno's Distillery.
 42533 | Orc:4    | Bought 2 potions of curing for 102 gold pieces
 42533 | Orc:4    | Bought 2 potions of curing for 102 gold pieces
 42533 | Orc:4    | Bought a potion of heal wounds for 85 gold pieces
 42533 | Orc:4    | Bought a potion of curing for 51 gold pieces
 42533 | Orc:4    | Bought a potion of curing for 51 gold pieces
 42533 | Orc:4    | Bought a potion of curing for 51 gold pieces
 42549 | Orc:4    | Bought a potion of curing for 51 gold pieces
 42549 | Orc:4    | Bought a potion of heal wounds for 85 gold pieces
 42783 | Orc:4    | Found a staircase to the Elven Halls.
 42865 | Elf:1    | Entered Level 1 of the Elven Halls
 42876 | Elf:1    | Found Cextyste's Armour Shop.
 43475 | D:11     | Offered knowledge of Shatter by Vehumet.
 43475 | D:11     | Offered knowledge of Chain Lightning by Vehumet.
 43475 | D:11     | Offered knowledge of Tornado by Vehumet.
 44412 | D:12     | Got a bloodstained leather armour
 44413 | D:12     | Identified the +7 leather armour of Benevolence {+Inv Int+3} (You found it on level 12 of the Dungeon)
 44902 | D:12     | Reached XP level 15. HP: 101/101 MP: 29/33
 46363 | Lair:7   | Reached skill level 5 in Stealth
 46602 | Lair:7   | Found a staircase to the Slime Pits.
 46832 | Lair:8   | Entered Level 8 of the Lair of Beasts
 46838 | Lair:8   | Noticed Alipheese's ghost (journeyman NaFi)
 48555 | Lair:8   | Reached skill level 14 in Spellcasting
 49974 | Lair:7   | Learned a level 7 spell: Orb of Destruction
 50243 | Lair:8   | Killed Alipheese's ghost
 50410 | Slime:1  | Entered Level 1 of the Pits of Slime
 50414 | Slime:1  | Gained mutation: You tend to lose your temper in combat. [a shining eye]
 50703 | Lair:2   | Killed Fannar
 51784 | Swamp:1  | Reached XP level 16. HP: 108/108 MP: 17/35
 52239 | Swamp:2  | Reached skill level 5 in Dodging
 52956 | Swamp:1  | Noticed a ghoul
 53061 | Swamp:1  | Killed a ghoul
 53169 | Swamp:2  | Noticed Donald
 53369 | Swamp:2  | Noticed Kirke
 53373 | Swamp:2  | Killed Kirke
 53427 | Swamp:2  | Upgraded the game from 0.18-a0-5-gf1fb587 to 0.18-a0-19-g8b99b3a
 53558 | Swamp:2  | Killed Donald
 55631 | Swamp:3  | Noticed Aizul
 55637 | Swamp:3  | Killed Aizul
 55637 | Swamp:3  | Reached skill level 15 in Spellcasting
 55913 | Swamp:4  | Entered Level 4 of the Swamp
 56184 | Swamp:3  | Noticed Nikola
 57202 | D:13     | Found a gate to the Vaults.
 58695 | D:13     | Reached skill level 1 in Armour
 59243 | D:15     | Entered Level 15 of the Dungeon
 59777 | D:14     | Found a glowing golden altar of the Shining One.
 60023 | D:14     | Noticed Maud
 60034 | D:14     | Killed Maud
 60157 | D:14     | Found a blossoming altar of Fedhas.
 60719 | D:15     | Reached skill level 5 in Hexes
 60837 | D:15     | Found a shimmering altar of Xom.
 60928 | D:15     | Found Utanejuo's Antique Armour Shoppe.
 60991 | D:15     | Reached XP level 17. HP: 112/112 MP: 32/37
 61186 | D:15     | Noticed Azrael
 61194 | D:15     | Killed Azrael
 61781 | D:15     | Found a staircase to the Depths.
 61803 | Depths:1 | Entered Level 1 of the Depths
 63005 | D:15     | Bought a runed leather armour for 78 gold pieces
 63292 | Spider:1 | Entered Level 1 of the Spider Nest
 64744 | Orc:4    | Bought a potion of curing for 51 gold pieces
 64744 | Orc:4    | Bought a potion of curing for 51 gold pieces
 64995 | Spider:1 | Reached skill level 10 in Stealth
 65652 | Spider:4 | Entered Level 4 of the Spider Nest
 65652 | Spider:4 | Noticed Roxanne
 65771 | Spider:3 | Got a polished war axe
 65772 | Spider:3 | Identified the +4 war axe "Fukhly" {chop, Int+4} (You found it on level 3 of the Spider Nest)
 68015 | Spider:3 | Reached skill level 5 in Armour
 68132 | Spider:3 | Noticed Arachne
 68141 | Spider:3 | Killed Arachne
 68641 | Spider:4 | Noticed Wiglaf
 69413 | Spider:4 | Killed Wiglaf
 69812 | Spider:4 | Reached skill level 16 in Spellcasting
 70100 | Spider:4 | Killed Roxanne
 70100 | Spider:4 | Reached skill level 15 in Ice Magic
 70201 | Spider:4 | Identified Roxanne's Collected Works on Ashen Transmutation (You took it off Roxanne on level 4 of the Spider Nest)
 70616 | Spider:4 | Upgraded the game from 0.18-a0-19-g8b99b3a to 0.18-a0-23-g19353e1
 71389 | Spider:4 | Reached XP level 18. HP: 118/118 MP: 24/39
 71745 | Spider:4 | Got a gossamer rune of Zot
 72403 | Vaults:1 | Entered Level 1 of the Vaults
 73183 | Vaults:1 | Reached skill level 10 in Air Magic
 73753 | Vaults:1 | Reached skill level 15 in Conjurations
 74005 | Vaults:1 | Got a shimmering leather armour
 74037 | Vaults:1 | Identified the cursed +1 leather armour of the Hare {rN+} (You found it on level 1 of the Vaults)
 74066 | Vaults:1 | Got a transparent chain mail
 74078 | Vaults:1 | Identified the cursed +1 chain mail of Dawou {MR+ Dex+2} (You found it on level 1 of the Vaults)
 75366 | Depths:1 | Noticed a caustic shrike
 76126 | Elf:2    | Reached skill level 17 in Spellcasting
 76173 | Elf:3    | Entered Level 3 of the Elven Halls
 76403 | Elf:1    | Found Leygg's Distillery.
 76870 | Elf:1    | Found Lyevam's Book Shop.
 76873 | Elf:1    | Bought a book of Cantrips for 260 gold pieces
 76886 | Elf:1    | Learned a level 1 spell: Apportation
 76888 | Elf:1    | Learned a level 1 spell: Summon Small Mammal
 76890 | Elf:1    | Bought a book of Air for 455 gold pieces
 76893 | Elf:1    | Learned a level 2 spell: Repel Missiles
 77122 | Elf:2    | Found Syshruosegg's Jewellery Emporium.
 77127 | Elf:2    | Bought an uncursed ring of protection from magic for 350 gold pieces
 77127 | Elf:2    | Bought the amulet of Vitality {Regen+ HP+15} for 518 gold pieces
 77145 | Elf:2    | Upgraded the game from 0.18-a0-23-g19353e1 to 0.18-a0-24-g6e14259
 77397 | Elf:2    | Reached skill level 1 in Translocations
 77469 | Elf:1    | Found Vaaz's Antique Weapon Shop.
 77501 | Elf:1    | Reached skill level 1 in Summonings
 78649 | Elf:2    | Found a huge runed gate.
 78649 | Elf:2    | Found a huge runed gate.
 78649 | Elf:2    | Found a huge runed gate.
 78650 | Elf:2    | Found a huge runed gate.
 78652 | Elf:2    | Found a huge runed gate.
 79827 | Elf:3    | Upgraded the game from 0.18-a0-24-g6e14259 to 0.18-a0-29-gce27f3c
 79843 | Elf:3    | Noticed Norris
 80422 | Depths:1 | Killed a caustic shrike
 80496 | Depths:1 | Reached skill level 1 in Shields
 80496 | Depths:1 | Reached XP level 19. HP: 124/124 MP: 22/41
 81737 | Vaults:1 | Reached skill level 5 in Translocations
 82155 | Vaults:1 | Identified a scroll of acquirement
 82746 | Vaults:1 | Reached skill level 18 in Spellcasting
 82897 | Vaults:1 | Got a bone mace {pain}
 82900 | Vaults:1 | Identified the +7 mace "Vedes" {pain, *Rage rN+ Str+4 SInv} (You took it off an ogre mage on level 1 of the Vaults)
 83322 | Vaults:2 | Found a staircase to the Crypt.
 83412 | Crypt:1  | Entered Level 1 of the Crypt
 83481 | Vaults:2 | Noticed Jorgrun
 83487 | Vaults:2 | Killed Jorgrun
 83493 | Vaults:2 | Noticed Sojobo
 83949 | Swamp:4  | Noticed Uberwunderbarhen's ghost (adept OpWz)
 83954 | Swamp:4  | Killed Uberwunderbarhen's ghost
 84590 | Swamp:4  | Got a brightly glowing cloak
 84596 | Swamp:4  | Identified the cursed +0 cloak "Forget-Me-Not" {Dex+5 SInv} (You found it on level 4 of the Swamp)
 84687 | Swamp:4  | Upgraded the game from 0.18-a0-29-gce27f3c to 0.18-a0-46-g45ca8e4
 85828 | Orc:2    | Bought a crystal ball of energy for 240 gold pieces
 85834 | Orc:2    | Upgraded the game from 0.18-a0-46-g45ca8e4 to 0.18-a0-68-g716538c
 85859 | Orc:2    | Upgraded the game from 0.18-a0-68-g716538c to 0.18-a0-74-gda9d8c9
 85859 | Orc:2    | Upgraded the game from 0.18-a0-74-gda9d8c9 to 0.18-a0-79-gb542d04
 85859 | Orc:2    | Upgraded the game from 0.18-a0-79-gb542d04 to 0.18-a0-82-gaf82852
 85859 | Orc:2    | Upgraded the game from 0.18-a0-82-gaf82852 to 0.18-a0-97-g9c2abca
 85859 | Orc:2    | Upgraded the game from 0.18-a0-97-g9c2abca to 0.18-a0-116-g2d311b1
 85860 | Orc:2    | Upgraded the game from 0.18-a0-116-g2d311b1 to 0.18-a0-373-gaf408bd
 85977 | Orc:4    | Upgraded the game from 0.18-a0-373-gaf408bd to 0.18-a0-674-g00855b9
 86120 | Orc:3    | Upgraded the game from 0.18-a0-674-g00855b9 to 0.18-a0-721-g8fc53f4
 86120 | Orc:3    | Upgraded the game from 0.18-a0-721-g8fc53f4 to 0.18-a0-921-g28655ce
 86120 | Orc:3    | Upgraded the game from 0.18-a0-921-g28655ce to 0.18-a0-1140-g8540535
 86120 | Orc:3    | Upgraded the game from 0.18-a0-1140-g8540535 to 0.18-a0-1211-g828307d
 86120 | Orc:3    | Upgraded the game from 0.18-a0-1211-g828307d to 0.18-a0-1311-g779ca93
 86120 | Orc:3    | Upgraded the game from 0.18-a0-1311-g779ca93 to 0.18-a0-1350-g404b4cb
 86810 | D:13     | Upgraded the game from 0.18-a0-1350-g404b4cb to 0.18-a0-1575-g920359c
 86810 | D:13     | Upgraded the game from 0.18-a0-1575-g920359c to 0.18-a0-1702-gd20c6a5
 86814 | D:13     | Lost mutation: You are surrounded by a mild repulsion field. (EV +2) [potion of cure mutation]
 86814 | D:13     | Lost mutation: You tend to lose your temper in combat. [potion of cure mutation]
 88095 | Swamp:4  | Noticed the 27-headed Lernaean hydra
 88104 | Swamp:4  | Killed the 27-headed Lernaean hydra
 88104 | Swamp:4  | Reached skill level 10 in Evocations
 88104 | Swamp:4  | Reached XP level 20. HP: 115/129 MP: 34/43
 88603 | Swamp:4  | Got a decaying rune of Zot
 88710 | Swamp:4  | Upgraded the game from 0.18-a0-1702-gd20c6a5 to 0.18-a0-1774-gce1f7b6
 88710 | Swamp:4  | Upgraded the game from 0.18-a0-1774-gce1f7b6 to 0.19-a0-1886-gd64a0f0
 88710 | Swamp:4  | Upgraded the game from 0.19-a0-1886-gd64a0f0 to 0.20-a0-792-g09bcfd3
 88710 | Swamp:4  | Upgraded the game from 0.20-a0-792-g09bcfd3 to 0.20-a0-1114-g33edf32
 88712 | Swamp:4  | Upgraded the game from 0.20-a0-1114-g33edf32 to 0.21-a0-404-g291f19a
 88712 | Swamp:4  | Upgraded the game from 0.21-a0-404-g291f19a to 0.21-a0-504-g2eda330
 88764 | Swamp:3  | Killed Nikola
 88925 | Lair:6   | Upgraded the game from 0.21-a0-504-g2eda330 to 0.22-a0-271-gc000056
 89087 | Vaults:1 | Upgraded the game from 0.22-a0-271-gc000056 to 0.22-a0-417-g1387785
 89487 | D:$      | Got out of the dungeon!

Vault maps used:
D:1:      lightli_arrival_farm
D:2:      minivault_24
D:3:      grunt_dithmenos_smoke_and_mirrors, first_bread, ecumenical_altar_2
D:4:      kennysheep_vampire_church, grunt_temple_overflow_open, bloody_makhleb
D:5:      bh_chokoban, minivault_4
D:6:      uniq_grinder
D:7:      nicolae_overflow_hidden_temple, minmay_temple_entry_glassed_door,
          uniq_duvessa, uniq_joseph, uniq_menkaure
D:8:      kennysheep_little_box, serial_shops, nicolae_shop_behind_doors,
          hangedman_abyss_or_decor_passed
D:9:      hiddenorc1_lemuel, hangedman_ranch
D:10:     erik_lair_orcish_takeover
D:11:     serial_bayou_pond_e, minivault_19
D:12:     serial_glass, glass_columns_b, glass_columns_a, minmay_misc_feat_cross
D:13:     david_vaults_4, laboratory
D:14:     tso_altar, fedhas_altar_fruit_tree, uniq_maud
D:15:     grunt_enter_depths_snipers, serial_shops, shop, basic_altar,
          water_boxes_lemuel, uniq_azrael
Temple:   jpeg_temple_alley_garden_8
Lair:1:   lemuel_fruit_fields, uniq_urug
Lair:2:   basic_altar, special_room, zaba_anthell, uniq_sonja, uniq_fannar,
          uniq_gastronok
Lair:3:   basic_altar, minivault_27
Lair:4:   grunt_megastairs_2, serial_bayou_shore_a
Lair:5:   beast_lair_carwin_large_4, lightli_volcano_entry_magma_tube,
          serial_bayou_shore_b
Lair:6:   kennysheep_abandoned_house, minmay_swamp_entry_swarm,
          nicolae_spider_entry_non_spiders, serial_bayou_pond_e,
          infiniplex_staircase_pool
Lair:7:   nicolae_slime_entry_slimehenge, special_room
Lair:8:   minmay_lair_end_frog_pond, grunt_forest_small_clearing_treed,
          lemuel_fruit_fields
Swamp:1:  evilmike_swamp_ruin_rubble_2, swamp_pool2, st_shrine_of_shade
Swamp:2:  evilmike_swamp_ruin_house_1, swamp_pool2, hangedman_swamp_pad,
          uniq_donald, uniq_kirke
Swamp:3:  nicolae_swamp_round_clearing, uniq_nikola, uniq_aizul
Swamp:4:  swamp_old_school
Spider:2: special_room, guppyfry_spider_mini_3
Spider:3: uniq_arachne
Spider:4: spider_rune_water, guppyfry_wasp_nest, uniq_roxanne, uniq_wiglaf
Slime:1:  nicolae_slime_pool, cheibrodos_slime_lost_civilization_5
Orc:1:    serial_shops, shop, nicolae_shop_waterfront
Orc:2:    serial_shops, nicolae_shop_waterfront, sword_in_stone
Orc:3:    nicolae_orc_pool_cavern, amalloy_card_club
Orc:4:    st_orc_open, basic_altar
Elf:1:    serial_shops, shop, shop, shop,
          nicolae_shop_temple_entry_statues_fountains,
          hangedman_elven_crosses_minicolossus
Elf:2:    serial_shops, nicolae_shop_crystal
Elf:3:    minmay_elf_hall_dome, basic_stair_grate_trap, uniq_norris, uniq_mara
Vaults:1: grunt_vaults_hallway_long, nicolae_vaults_theta,
          dpeg_vaults_monster_row, v_misc_3, v_misc_18, vaults_room_boxed,
          st_eye, v_misc_2, nicolae_vaults_windows_and_doors_thing,
          ontoclasm_vaults_decontamination, ontoclasm_vaults_fault,
          vaults_dpeg_hooks, ontoclasm_vaults_gateway, vaults_room_pools
Vaults:2: minmay_crypt_entry_simple_statues, nicolae_vaults_yaktaur_gun_rack,
          hangedman_vaults_slice, st_cross, nicolae_vaults_three_branches,
          nicolae_vaults_little_squares_2, nicolae_vaults_mini_display_case,
          vaults_dpeg_encased_lava, grunt_vaults_swirl,
          ontoclasm_vaults_ring_square, nicolae_vaults_little_squares_6,
          vaults_mumra_minichess, nicolae_vaults_little_squares_1, v_misc_13,
          uniq_jorgrun, uniq_frederick, uniq_sojobo
Crypt:1:  due_chaos_kobolds, grunt_ministairs_9, grunt_crypt_arrival_split
Crypt:2:  uniq_saint_roka
Depths:1: minmay_bad_star, minmay_tree_intersection, abyss_entry,
          hangedman_geh_valley, serial_shops, nicolae_shop_waterfront,
          shop_coins, shop_statue, nicolae_shop_overgrown_old_shop,
          minmay_item_behind_shaft, st_stairs_3, lemuel_flamethrower_3
Volcano:  volcano_pools

Skill      XL: |  1  2  3  4  5  6  7  8  9 10 11 12 13 14 15 16 17 18 19 |
---------------+----------------------------------------------------------+-----
Ice Magic      | 4 5 6 7 10 11 15 | 15.9
Short Blades   | 1 5 |  6.0
Charms         | 1 5 |  8.0
Fighting       | 1 5 |  9.0
Conjurations   | 5 8 10 15 17 | 17.1
Evocations     | 1 5 10 | 10.1
Spellcasting   | 5 10 12 13 14 15 16 17 18 | 18.1
Fire Magic     | 1 |  3.0
Hexes          | 1 5 |  6.9
Air Magic      | 5 10 | 10.0
Stealth        | 5 10 | 10.0
Dodging        | 5 |  8.9
Armour         | 1 5 |  5.0
Translocations | 1 5 |  7.6
Summonings     | 1 |  4.0
Shields        | 1 |  4.4

Action                   |  1- 3 |  4- 6 |  7- 9 | 10-12 | 13-15 | 16-18 | 19-21 || total
-------------------------+-------+-------+-------+-------+-------+-------+-------++-------
Melee: Hand axe          |     4 |       |       |       |       |       |       ||     4
       Dagger            |     5 |    63 |   378 |   479 |   121 |    20 |       ||  1066
       Short sword       |    10 |     2 |       |       |       |       |       ||    12
       Scimitar          |       |       |       |       |     4 |       |       ||     4
       Staff             |       |       |       |       |       |     2 |     6 ||     8
       War axe           |       |       |       |       |       |     3 |     3 ||     6
       Staff             |       |       |       |       |       |       |     2 ||     2
 Cast: Freeze            |    37 |    83 |   208 |   209 |   154 |    84 |     2 ||   777
       Throw Frost       |     8 |    66 |    29 |    52 |    40 |    20 |     6 ||   221
       Ozocubu's Armour  |       |     1 |     1 |    16 |     4 |     1 |       ||    23
       Throw Icicle      |       |       |    37 |   307 |   913 |   727 |   204 ||  2188
       Conjure Flame     |       |       |       |     7 |     3 |       |     3 ||    13
       Dazzling Spray    |       |       |       |    12 |    28 |     7 |       ||    47
       Iskenderun's Batt |       |       |       |       |    50 |   130 |    38 ||   218
       Freezing Cloud    |       |       |       |       |    49 |   100 |    24 ||   173
       Bolt of Cold      |       |       |       |       |    13 |    28 |    30 ||    71
       Orb of Destructio |       |       |       |       |     9 |   101 |    57 ||   167
       Repel Missiles    |       |       |       |       |       |     1 |       ||     1
       Throw Icicle      |       |       |       |       |       |       |     5 ||     5
       Orb of Destructio |       |       |       |       |       |       |     2 ||     2
       Apportation       |       |       |       |       |       |       |     1 ||     1
       Summon Small Mamm |       |       |       |       |       |       |     1 ||     1
       Iskenderun's Batt |       |       |       |       |       |       |     1 ||     1
Evoke: Club              |       |       |     1 |     1 |     2 |     3 |       ||     7
       Lightning rod     |       |       |       |       |       |     1 |       ||     1
  Use: Scroll            |     3 |     3 |     3 |    22 |    16 |    21 |     4 ||    72
       Potion            |     1 |     1 |     3 |     1 |     2 |     3 |     5 ||    16
 Stab: Sleeping          |     6 |     1 |     4 |     2 |     6 |     3 |       ||    22
       Distracted        |       |       |       |     1 |       |     1 |     1 ||     3
       Invisible         |       |       |       |     1 |     1 |       |       ||     2
  Eat: Chunk             |     4 |     6 |    21 |    36 |    65 |    48 |    10 ||   190
       Buggy fruit       |       |     1 |       |     2 |       |     1 |       ||     4
       Ration            |       |     1 |       |       |       |     6 |     3 ||    10
       Buggy fruit       |       |     2 |    14 |    13 |     8 |     6 |       ||    43
       Buggy fruit       |       |       |     1 |       |       |     3 |       ||     4
       Buggy jelly       |       |       |       |     1 |     1 |    10 |     1 ||    13
       Chunk             |       |       |       |       |       |       |     1 ||     1
Dodge: Dodged            |       |       |       |       |       |       |     1 ||     1

Table legend:
 A = Spawn XP
 B = Non-spawn XP
 C = Spawn XP percentage of total XP
 D = Spawn monster count
 E = Non-spawn monster count
 F = Spawn count percentage of total count
 G = Total turns spent on level
                    A         B        C        D         E        F      G
               +---------+---------+-------+---------+---------+-------+---------
         Total |       0 |       0 |   N/A |       0 |       0 |   N/A |   775
               +---------+---------+-------+---------+---------+-------+---------
               +---------+---------+-------+---------+---------+-------+---------
